 Dungeon Crawl Stone Soup version 0.28.0-53-g5a82cb258f (webtiles) character file.

Game seed: 7396832544084500910

869 safid the Cleaver (level 8, 0/66 HPs)
             Began as a Hill Orc Fighter on Aug 9, 2022.
             Was an Initiate of Beogh.
             Slain by a two-headed ogre
             ... wielding a +0 giant club
              (12 damage)
             ... on level 5 of the Dungeon.
             The game lasted 00:05:55 (5768 turns).

safid the Cleaver (Hill Orc Fighter)                Turns: 5768, Time: 00:05:55

Health: 0/66       AC: 11    Str: 21    XL:     8   Next: 3%
Magic:  8/8        EV:  5    Int:  8    God:    Beogh [......]
Gold:   32         SH:  5    Dex: 16    Spells: 7/7 levels left

rFire   . . .      SeeInvis .   a - +0 war axe
rCold   . . .      Faith    .   c - +0 buckler
rNeg    . . .      Spirit   .   u - +0 plate armour
rPois   .          Reflect  .   (no helmet)
rElec   .          Harm     .   (no cloak)
rCorr   .          Rampage  .   (no gloves)
Will    .....                   (no boots)
Stlth   ..........              (no amulet)
HPRegen 0.21/turn               e - +6 ring of dexterity
MPRegen 0.11/turn               (no ring)

@: no status effects
A: no striking features
a: Renounce Religion


You were on level 5 of the Dungeon.
You worshipped Beogh.
Beogh was noncommittal.
You visited 1 branch of the dungeon, and saw 5 of its levels.

You collected 207 gold pieces.
You spent 175 gold pieces at shops.

Inventory:

Hand Weapons
 a - a +0 war axe (weapon)
Missiles
 f - 6 boomerangs (quivered)
 j - 13 poisoned darts
 o - 4 javelins
 w - a throwing net
Armour
 c - a +0 buckler (worn)
 u - a +0 plate armour (worn)
Jewellery
 e - a +6 ring of dexterity (left hand)
 h - a +6 ring of intelligence
 s - a ring of flight
 v - a ring of see invisible
Wands
 m - a wand of polymorph (8)
 x - a wand of digging (15)
Scrolls
 g - 5 scrolls of identify {unknown}
 i - a scroll of fear {unknown}
 k - 4 scrolls of teleportation
 l - 2 scrolls of fog
 y - a scroll of enchant weapon {unknown}
 z - a scroll of immolation {unknown}
 C - a scroll of noise
 D - 3 scrolls of magic mapping
 E - a scroll of amnesia
Potions
 b - 2 potions of curing
 d - 3 potions of might
 n - a potion of cancellation {unknown}
 p - 2 potions of heal wounds {unknown}
 q - a potion of flight {unknown}
 r - a potion of haste {unknown}
 t - 4 potions of attraction {unknown}
 A - a potion of invisibility {unknown}
 B - a potion of mutation {unknown}
 F - a potion of degeneration {unknown}


   Skills:
 - Level 4.0 Fighting
 + Level 11.0 Axes
 - Level 4.0 Armour
 - Level 4.0 Shields


You had 7 spell levels left.
You didn't know any spells.
Your spell library was empty.

Dungeon Overview and Level Annotations

Branches:
Dungeon (5/15)
 Temple: D:4-7

Altars:
Elyvilon

Shops:
D:1 *   D:5 ?*


Message History

Aim: a two-headed ogre, wielding a +0 giant club and a +0 giant spiked club (76% to hit)
You throw a boomerang. The boomerang hits the two-headed ogre.
The two-headed ogre is lightly wounded.
Throw: 6 boomerangs
Press: ? - help, Q - select action, (/) - cycle Shift-Dir - straight line, f/p - two-headed ogre
Aim: a two-headed ogre, wielding a +0 giant club and a +0 giant spiked club (lightly wounded, 76% to hit)
You throw a boomerang. The boomerang hits the two-headed ogre.
The two-headed ogre is lightly wounded.
Throw: 6 boomerangs
Press: ? - help, Q - select action, (/) - cycle Shift-Dir - straight line, f/p - two-headed ogre
Aim: a two-headed ogre, wielding a +0 giant club and a +0 giant spiked club (lightly wounded, 76% to hit)
You throw a boomerang. The boomerang hits the two-headed ogre.
The two-headed ogre is lightly wounded.
Throw: 6 boomerangs
Press: ? - help, Q - select action, (/) - cycle Shift-Dir - straight line, f/p - two-headed ogre
Aim: a two-headed ogre, wielding a +0 giant club and a +0 giant spiked club (lightly wounded, 76% to hit)
You throw a boomerang. The boomerang hits the two-headed ogre.
The two-headed ogre is moderately wounded.
The two-headed ogre hits you with a +0 giant club!!
The two-headed ogre hits you with a +0 giant spiked club!!
Okay, then.
You hit the two-headed ogre.
The two-headed ogre is moderately wounded.
The two-headed ogre barely misses you.
The two-headed ogre hits you with a +0 giant spiked club!
* * * LOW HITPOINT WARNING * * *
Unknown command.
You slash the two-headed ogre!
The two-headed ogre is heavily wounded.
You slash the two-headed ogre!
The two-headed ogre is severely wounded.
The two-headed ogre hits you with a +0 giant club!
* * * LOW HITPOINT WARNING * * *
You block the two-headed ogre's attack.
Unknown command.
You barely miss the two-headed ogre.
The two-headed ogre is severely wounded.
The two-headed ogre barely misses you.
The two-headed ogre hits you with a +0 giant spiked club!
You die...

#'##.########...............#####
................................#
......##########+####...........#
......############ #...........#
.............[...# #############
.......#########.#######
.......#)......#.##....#########
.....#.#######.#)##.##.........#
.....#.........#@#...#.........#
..)#############O..∩...........#
.......# ##'#[).#>........#
######.########..##.##.........#
#.#.....##................# ###
#.#.###.##..<.............# ).#
#.#.#.............######### ..#
#.#.#.#.#......#### ..#
#.#.#.#.#......#


You could see a two-headed ogre.

Vanquished Creatures
  A black bear (D:5)
  2 ogres (D:5)
  A phantom (D:5)
  2 scorpions
  A wyvern zombie (D:5)
  A howler monkey (D:5)
  A bullfrog skeleton (D:5)
  A gnoll shaman (D:4)
  An iguana (D:5)
  A hound skeleton (D:4)
  7 gnolls
  3 adders
  A howler monkey skeleton (D:4)
  An ufetubus (D:4)
  An adder skeleton (D:4)
  3 worms
  2 dart slugs
  9 orcs
  4 endoplasms
  5 giant cockroaches
  9 hobgoblins
  6 jackals
  5 quokkas
  8 ball pythons
  10 bats
  5 frilled lizards
  5 goblins
  12 kobolds
  8 rats
116 creatures vanquished.

Vanquished Creatures (others)
  2 orc priests (D:5)
  An orc wizard (D:5)
  4 plants (D:2)
7 creatures vanquished.

Grand Total: 123 creatures vanquished

Notes
Turn   | Place    | Note
-------+----------+-------------------------------------------
     0 | D:1      | safid the Hill Orc Fighter began the quest for the Orb.
     0 | D:1      | Reached XP level 1. HP: 19/19 MP: 1/1
   185 | D:1      | Reached skill level 3 in Axes
   185 | D:1      | Reached XP level 2. HP: 18/27 MP: 2/2
   351 | D:1      | Found Ypluodylesu's General Store.
   428 | D:1      | Reached XP level 3. HP: 24/33 MP: 3/3
  1069 | D:2      | Reached XP level 4. HP: 30/40 MP: 4/4
  1555 | D:2      | Reached skill level 4 in Axes
  2558 | D:3      | Found a white marble altar of Elyvilon.
  2856 | D:3      | Reached skill level 5 in Axes
  2859 | D:3      | Reached XP level 5. HP: 45/46 MP: 5/5
  3317 | D:4      | Reached skill level 6 in Axes
  3599 | D:4      | Reached XP level 6. HP: 52/52 MP: 6/6
  3718 | D:4      | Reached skill level 7 in Axes
  4263 | D:5      | Entered Level 5 of the Dungeon
  4270 | D:5      | Noticed a black bear
  4271 | D:5      | Reached skill level 8 in Axes
  4498 | D:5      | Became a worshipper of Beogh the Brigand
  4499 | D:5      | Found Ubbits's Gadget Gallery.
  4507 | D:5      | Reached XP level 7. HP: 59/59 MP: 7/7
  4539 | D:5      | Noticed a two-headed ogre
  4839 | D:5      | Reached skill level 9 in Axes
  5061 | D:5      | Reached skill level 10 in Axes
  5207 | D:5      | Reached skill level 11 in Axes
  5207 | D:5      | Reached XP level 8. HP: 66/66 MP: 8/8
  5299 | D:5      | Found Otomob Xeghe's Magic Scroll Shoppe.
  5307 | D:5      | Bought a scroll of fog for 22 gold pieces
  5307 | D:5      | Bought a scroll of teleportation for 33 gold pieces
  5307 | D:5      | Bought a scroll of noise for 11 gold pieces
  5307 | D:5      | Bought a scroll of magic mapping for 38 gold pieces
  5307 | D:5      | Bought a scroll of teleportation for 33 gold pieces
  5307 | D:5      | Bought a scroll of amnesia for 38 gold pieces
  5768 | D:5      | Slain by a two-headed ogre

Illustrated notes

Levels and vault maps discovered:
D:1:      onia_arrival_pentagram, layout_rooms, serial_shops, shop,
          minmay_unequal
D:2:      layout_basic, chequers_big_river
D:3:      layout_loops_ring, mainiacjoe_overflow_surrounded_room,
          grunt_decor_clamped, serial_park_tiny_pond, kennysheep_small_spiral
D:4:      layout_loops_corners
D:5:      layout_basic, serial_shops, nicolae_diamond_shop, nicolae_shop_gadgets

Skill      XL: |  1  2  3  4  5  6  7 |
---------------+----------------------+-----
Axes           | 3 5 6 8 11 | 11.0
Fighting       | 4 |  4.0
Shields        | 4 |  4.0
Armour         | 4 |  4.0

Action                   |  1- 3 |  4- 6 |  7- 9 || total
-------------------------+-------+-------+-------++-------
Melee: War axe           |   113 |   172 |    55 ||   340
Throw: Boomerang         |       |       |     4 ||     4
Invok: Convert to Beogh  |       |     1 |       ||     1
Armor: Scale mail        |    74 |    32 |       ||   106
       Plate armour      |       |    37 |    18 ||    55
Dodge: Dodged            |    62 |    64 |    14 ||   140
Block: Buckler           |    29 |    38 |    17 ||    84
